 Dungeon Crawl Stone Soup version 0.23.2-1-ga50397a6bc (webtiles) character file.

Game seed: 7967656081960980420

74 Jaijje the Cutter (level 4, -1/35 HPs)
             Began as a Human Skald on May 18, 2019.
             Killed from afar by Sigmund (9 damage)
             ... with a puff of flame
             ... on level 2 of the Dungeon.
             The game lasted 00:05:31 (2206 turns).

Jaijje the Cutter (Human Skald)                     Turns: 2206, Time: 00:05:32

Health: -1/35      AC:  3    Str: 12    XL:     4   Next: 54%
Magic:  7/7        EV: 12    Int: 14    God:
Gold:   84         SH:  0    Dex: 12    Spells: 6/7 levels left

rFire    . . .     SeeInvis .   a - +0 short sword
rCold    . . .     Gourm    .   (no shield)
rNeg     . . .     Faith    .   b - +0 leather armour
rPois    .         Spirit   .   (no helmet)
rElec    .         Reflect  .   (no cloak)
rCorr    .         Harm     .   (no gloves)
MR       .....                  (no boots)
Stlth    +.........             (no amulet)
HPRegen  0.11/turn              (no ring)
MPRegen  0.10/turn              (no ring)

@: no status effects
A: no striking features
a: no special abilities


You were on level 2 of the Dungeon.
You were not hungry.

You visited 1 branch of the dungeon, and saw 2 of its levels.

You collected 84 gold pieces.

Inventory:

Hand Weapons
 a - a +0 short sword (weapon)
Armour
 b - a +0 leather armour (worn)
 k - a +0 ring mail
Jewellery
 l - an uncursed ring of protection from magic {unknown}
Wands
 c - a wand of random effects (15)
Scrolls
 g - a scroll of fear {unknown}
 h - 2 scrolls of identify {unknown}
 i - a scroll of remove curse {unknown}
 j - a scroll of enchant weapon {unknown}
 o - 2 scrolls of teleportation {unknown}
Comestibles
 d - 2 rations
 f - a chunk of flesh


   Skills:
 + Level 3.2 Fighting
 + Level 3.5 Short Blades
 - Level 1.0 Armour
 - Level 2.0 Dodging
 - Level 2.0 Spellcasting
 - Level 3.0 Charms


You had 6 spell levels left.
You knew the following spells:

 Your Spells              Type           Power        Failure   Level  Hunger
a - Infusion              Chrm           #...         9%          1    ##.....

Your spell library contained the following spells:

 Spells                   Type           Power        Failure   Level  Hunger
 Song of Slaying          Chrm           #.......     13%         2    ###....
 Shroud of Golubria       Chrm/Tloc      #.........   24%         2    ###....
 Regeneration             Chrm/Necr      #.........   43%         3    ####...
 Spectral Weapon          Hex/Chrm       #.......     43%         3    ####...


Dungeon Overview and Level Annotations

Branches:
Dungeon (2/15)

Altars:

Annotations:
D:2 Sigmund


Message History

The puff of flame hits you! Sigmund barely misses you.
You see here a goblin skeleton.
You closely miss Sigmund.
Sigmund is moderately wounded.
Sigmund closely misses you.
You feel less confused.
Sigmund casts a spell.
Sigmund flickers and vanishes!
Deactivating autopickup; reactivate with Ctrl-A.
You see here a goblin skeleton.
You barely miss something. Something hits you!
You hit something but do no damage.
Your leather armour prevents you from hitting something.
Something hits you!
* * * LOW HITPOINT WARNING * * *
You hear some strange, mumbled words.
A puff of flame appears from out of thin air!
The puff of flame hits you!
You die...

....#)##.........##.#
#.#
###.#.###..#####.##.#
#.# ###.#.###..#
#.##.# #.#
...........# #.##.#
#.# ###.#.####.#
#.##.# #.# #.#.#
#.#####.##.###.# #.#.#
#..............# ...#
#.#....{รทรท.....# .##
#......@...##..# ..
##.#.###.#####..## ..
..#.# #.# ##...##
#.#.# #.# ##.###.##
#.#<###.###.## ##.#
#..#.##.....# #.#
##.###.#..##.## ##.#
#.## ##.......###.##
#.###.###.#..####...##


There were no monsters in sight!

Vanquished Creatures
  Jessica (D:2)
  2 adders (D:2)
  2 giant cockroaches
  5 goblins
  A hobgoblin (D:2)
  3 jackals (D:1)
  2 ball pythons (D:1)
  6 bats
  5 kobolds
  3 rats
30 creatures vanquished.

Notes
Turn   | Place    | Note
-------+----------+-------------------------------------------
     0 | D:1      | Jaijje the Human Skald began the quest for the Orb.
     0 | D:1      | Reached XP level 1. HP: 16/16 MP: 3/3
   176 | D:1      | Reached XP level 2. HP: 21/22 MP: 5/5
  1161 | D:2      | Reached XP level 3. HP: 4/28 MP: 6/6
  1406 | D:2      | Noticed Jessica
  1422 | D:2      | Killed Jessica
  1422 | D:2      | Reached XP level 4. HP: 11/35 MP: 7/7
  1714 | D:2      | Noticed Sigmund
  1744 | D:2      | HP: 1/35 [Sigmund/cursed -2 scythe (5)]
  2206 | D:2      | Killed from afar by Sigmund

Skill      XL: |  1  2  3 |
---------------+----------+-----
Short Blades   | 3 |  3.5
Fighting       | 3 |  3.2
Armour         | |  1.0
Dodging        | |  2.0
Spellcasting   | |  2.0
Charms         | |  3.0

Action                   |  1- 3 |  4- 6 || total
-------------------------+-------+-------++-------
Melee: Short sword       |    92 |    60 ||   152
  Use: Potion            |     4 |     3 ||     7
       Scroll            |       |     1 ||     1
  Eat: Chunk             |     2 |     2 ||     4
Armor: Leather armour    |    29 |    13 ||    42
Dodge: Dodged            |    64 |    30 ||    94
